 Dungeon Crawl Stone Soup version 0.29.1-2-gbd0b4ee654 (webtiles) character file.

Game seed: 14505398697891413604

65 KennySheep the Grasshopper (level 3, 0/21 HPs)
             Began as a Deep Elf Warper on Nov 22, 2022.
             Was an Initiate of Dithmenos.
             Slain by a gnoll
             ... wielding a +0 club
              (4 damage)
             ... on level 3 of the Dungeon.
             The game lasted 00:06:44 (3140 turns).

KennySheep the Grasshopper (Deep Elf Warper)        Turns: 3140, Time: 00:06:44

Health: 0/21       AC:  4    Str:  8    XL:     3   Next: 92%
Magic:  8/10       EV: 12    Int: 17    God:    Dithmenos [......]
Gold:   178        SH:  0    Dex: 16    Spells: 7/9 levels left

rFire   . . .      SeeInvis .   b - +1 dagger (elec)
rCold   . . .      Faith    .   (no shield)
rNeg    . . .      Spirit   .   o - +0 leather armour
rPois   .          Reflect  .   (no helmet)
rElec   .          Harm     .   (no cloak)
rCorr   .          Rampage  .   (no gloves)
Will    .....                   e - +0 pair of boots
Stlth   +.........              u - amulet of magic regeneration
HPRegen 0.07/turn               (no ring)
MPRegen 0.52/turn               (no ring)

@: on blink cooldown
A: no striking features
a: Renounce Religion


You were on level 3 of the Dungeon.
You worshipped Dithmenos.
Dithmenos was noncommittal.
You visited 1 branch of the dungeon, and saw 3 of its levels.

You collected 178 gold pieces.

Inventory:

Hand Weapons
 a - a +0 sling
 b - a +1 dagger of electrocution (weapon)
 t - a +0 falchion
Missiles
 d - 6 boomerangs of dispersal
 h - 9 stones (quivered)
 q - 2 datura-tipped darts
Armour
 e - a +0 pair of boots (worn)
 o - a +0 leather armour (worn)
Jewellery
 u - an amulet of magic regeneration (around neck)
Scrolls
 c - a scroll of blinking
 f - 2 scrolls of magic mapping
 g - a scroll of summoning
 j - 2 scrolls of amnesia
 k - a scroll of poison
 l - a scroll of noise
 n - a scroll of immolation
 p - 2 scrolls of teleportation {unknown}
 s - a scroll of fog {unknown}
Potions
 i - a potion of haste


   Skills:
 + Level 2.0 Fighting
 - Level 1.7 Long Blades
 * Level 2.6 Ranged Weapons
 - Level 1.0 Throwing
 - Level 0.7 Armour
 + Level 3.0 Dodging
 + Level 3.5 Spellcasting
 + Level 3.7 Translocations


You had 7 spell levels left.
You knew the following spells:

 Your Spells              Type           Power      Damage    Failure   Level
a - Blink                 Tloc           30%        N/A       8%          2

Your spell library contained the following spells:

 Spells                   Type           Power      Damage    Failure   Level
 Gell's Gravitas          Tloc           15%        N/A       16%         3
 Lesser Beckoning         Tloc           15%        N/A       16%         3
 Teleport Other           Tloc           15%        N/A       16%         3
 Static Discharge         Conj/Air       3%         3-4/arc   34%         2
 Manifold Assault         Tloc           15%        N/A       80%         5
 Dispel Undead            Necr           3%         3d7       93%         4
 Sticky Flame             Conj/Fire      3%         2d3       93%         4


Dungeon Overview and Level Annotations

Branches:
Dungeon (3/15)

Altars:
Dithmenos
Okawaru
Ru


Message History

You kill the hobgoblin!
Dithmenos accepts your kill.
Found a stone staircase leading up.
Found a spear.
Found a falchion.
You see here a +0 falchion.
A gnoll comes into view. It is wielding a +0 great sword.
You shoot a sling bullet.
The sling bullet barely misses the gnoll.
The gnoll shouts!
A gnoll comes into view. It is wielding a +0 flail.
The gnoll moves out of view.
You shoot a sling bullet.
The sling bullet barely misses the gnoll.
You hear a shout!
A gnoll comes into view. It is wielding a +0 club.
You hear a shout!
You shoot a sling bullet. The sling bullet hits the gnoll.
The gnoll is moderately wounded.
You hear a shout!
You shoot a sling bullet. The sling bullet hits the gnoll.
The gnoll is heavily wounded.
You shoot a sling bullet. The sling bullet hits the gnoll.
The gnoll is severely wounded.
The gnoll hits you with a +0 great sword.
You hear the crackle of electricity.
b - a +1 dagger of electrocution (weapon)
You barely miss the gnoll.
The gnoll is severely wounded.
The gnoll hits you with a +0 great sword!
A gnoll comes into view. It is wielding a +0 halberd.
You barely miss the gnoll.
The gnoll is severely wounded.
The gnoll hits you with a +0 great sword!
* * * LOW HITPOINT WARNING * * *
Okay, then.
Casting: Blink (safe; 8% risk of failure)
Confirm with . or Enter, or press ? or * to list all spells.
You blink.
The gnoll hits you with a +0 club.
You die...

###.#.# .#
#.....##.
##.......
.......
..... ...
#g# #@##
#gg# ##.#
#g#
#ยง####
##########
#....#
.......<..
####.#
##########
... #.#
#..# #.# #


You could see 4 gnolls.

Vanquished Creatures
  2 adders (D:3)
  4 dart slugs
  2 endoplasms (D:1)
  3 giant cockroaches
  4 hobgoblins
  4 ball pythons
  4 bats
  4 frilled lizards
  9 goblins
  2 kobolds
  3 rats
41 creatures vanquished.

Notes
Turn   | Place    | Note
-------+----------+-------------------------------------------
     0 | D:1      | KennySheep the Deep Elf Warper began the quest for the Orb.
     0 | D:1      | Reached XP level 1. HP: 12/12 MP: 6/6
   278 | D:1      | Found a faded altar of an unknown god.
   297 | D:1      | Reached skill level 1 in Ranged Weapons
   584 | D:1      | Reached XP level 2. HP: 12/17 MP: 8/8
  1990 | D:3      | Found a shadowy altar of Dithmenos.
  2008 | D:3      | Became a worshipper of Dithmenos the Shadowed
  2035 | D:3      | Found an iron altar of Okawaru.
  2065 | D:3      | Reached XP level 3. HP: 19/21 MP: 9/9
  2068 | D:3      | Found a sacrificial altar of Ru.
  2256 | D:3      | HP: 1/31 [poisoned by an adder]
  2986 | D:2      | Learned a level 2 spell: Blink
  3140 | D:3      | Slain by a gnoll

Illustrated notes

Levels and vault maps discovered:
D:1:      minmay_arrival_radiant_lines, layout_rooms,
          hellmonk_ecumenical_altar_prayer_group, minmay_misc_feat_four_crosses
D:2:      layout_basic, nicolae_concentric_dashed_squares_wild,
          serial_bayou_pond_d
D:3:      layout_loops_ring, nicolae_dithmenos_through_a_glass_darkly,
          mainiacjoe_overflow_catch_the_wave, minmay_pentangle

Skill      XL: |  1  2  3 |
---------------+----------+-----
Ranged Weapons | 1 2 |  2.6
Fighting       | 2 |  2.0
Dodging        | 3 |  3.0
Long Blades    | |  1.7
Throwing       | |  1.0
Armour         | |  0.7
Spellcasting   | |  3.5
Translocations | |  3.7

Action                   || total
-------------------------++-------
Melee: Falchion          ||    75
       Punch             ||     1
       Dagger            ||    17
 Fire: Sling             ||    55
Throw: Boomerang         ||     1
       Stone             ||    30
 Cast: Blink             ||     1
  Use: Scroll            ||     6
       Potion            ||     5
Armor: Leather armour    ||    35
       Skin              ||     6
Dodge: Dodged            ||    92
